cohdb
Replays
Latest Replays
All Replays
Popular Replays
Top Player Replays
Match Explorer
How It Works
Community
CoH3 Stats
Reddit
Sign in to upload your games and track your stats! →
Sign in with Steam
Match 43173840
Unlisted
Match 43173840
Overview
Messages
Build Orders
End
Kradschützen Motorcycle Team
Panzerpioneer Squad
Panzergrenadier Squad
Construct Light Support Kompanie
Panzerjäger Squad
2.5-tonne Medical Truck
Assault Grenadier Squad
Selects Italian Infantry
Selects Defensive Operations
Fire Support Elements
le.IG 18 Mechanized Group
Pak 38 Anti-tank Gun Team
Selects Prepared Positions
Forward Retreat Point
Combat Half-tracks
Selects Guastatori Squad
Construct Panzerarmee Kommand
Selects Registered Artillery
Registered Artillery
Walking Stuka Rocket Launcher
Armored Reserves
Pak 38 Mechanized Group
Panzerpioneer Squad
Selects Towed Cannone da 105/28 Field Howitzer
Panzer III L Medium Tank
Guastatori Squad
Registered Artillery
Panzer IV Assault Group
Selects Obice 305mm Barrage
Walking Stuka Rocket Launcher
Registered Artillery
Tiger Heavy Tank
Registered Artillery
Juzticus
gicobiwolfe
Findus
Blanco
[82AD] PaulVmax
la
Glennybabe
FU
0
0
Comments
sign in to comment!
No comments posted yet!